 Dungeon Crawl Stone Soup version 0.31-a0-702-gf82c85558f (webtiles) character file.

Game seed: 15792004558754883590

135 qw the Shooter (level 5, -5/32 HPs)
             Began as a Gargoyle Hunter on Sept 7, 2023.
             Slain by a hell rat (13 damage)
             ... in a sewer.
             The game lasted 00:00:51 (2292 turns).

qw the Shooter (Gargoyle Hunter)                    Turns: 2292, Time: 00:00:51

Health: -5/32      AC: 11    Str: 14    XL:     5   Next: 18%
Magic:  5/5        EV: 10    Int: 10    God:
Gold:   199        SH:  0    Dex: 15    Spells: 4/4 levels left

rFire   . . .        Y - +1 shortbow
rCold   . . .        (shield currently unavailable)
rNeg    + . .        f - +0 ring mail
rPois   inf          (no helmet)
rElec   +            c - +1 cloak
rCorr   .            (no gloves)
SInv    .            (no boots)
Will    .....        (no amulet)
Stlth   +            (no ring)
HPRegen 0.25/turn    (no ring)
MPRegen 0.09/turn

%: no passive effects
@: about to teleport
A: sickness immunity, AC +4, negative energy resistance 1, electricity
resistance, torment resistance 1, petrification resistance
a: no special abilities


You were in a sewer.
You visited 1 branch of the dungeon, and saw 3 of its levels.
You also visited: Sewer.

You collected 199 gold pieces.


Innate Abilities, Weirdness & Mutations

You are immune to sickness and miasma.
Your stone body is resilient. (AC +4)
You are immune to poison.
You resist negative energy. (rN+)
You are resistant to electric shocks. (rElec)
You are resistant to unholy torment.
You are immune to petrification.


   Skills:
 - Level 3.0 Fighting
 + Level 5.9 Ranged Weapons
 - Level 1.0 Armour
 - Level 1.5 Dodging
 - Level 1.1 Stealth


You had 4 spell levels left.
You didn't know any spells.
Your spell library was empty.

Inventory:

Hand Weapons
 Y - a +1 shortbow (weapon)
Armour
 c - a +1 cloak (worn)
 f - a +0 ring mail (worn)
Scrolls
 a - a scroll of identify
Potions
 d - a potion of might
 e - 2 potions of curing
 g - a potion of enlightenment
 i - a potion of invisibility {unknown}
 j - a potion of attraction {unknown}

Dungeon Overview and Level Annotations

Branches:
Dungeon (3/15)              Sewer (1/1)

Altars:


Message History

You shoot an arrow. The arrow hits the river rat.
You kill the river rat!
You start resting.
HP restored.
A river rat comes into view.
You shoot an arrow. The arrow hits the river rat!
The river rat is severely wounded.
You shoot an arrow. The arrow hits the river rat!
You kill the river rat!
You enter the shallow water.
Moving in this stuff is going to be slow.
You see here a river rat corpse.
You enter the shallow water.
Moving in this stuff is going to be slow.
You enter the shallow water.
Moving in this stuff is going to be slow.
You open the door.
A hell rat comes into view.
Found seven items.
Found a gate leading back out of this place.
2287 ||| Stepping ~*~*~tactically~*~*~ (water).
There is an open door here.
You shoot an arrow. The arrow barely misses the hell rat.
The hell rat bites you.
You shoot an arrow. The arrow hits the hell rat.
The hell rat is lightly wounded.
The hell rat bites you!
The hell rat bites you but does no damage.
You shoot an arrow. The arrow hits the hell rat.
The hell rat is heavily wounded.
The hell rat bites you.
You shoot an arrow. The arrow hits the hell rat!
The hell rat is almost dead.
The hell rat bites you but does no damage.
The hell rat bites you!
2292 ||| READING scroll of teleportation.
As you read the scroll of teleportation, it crumbles to dust.
You feel strangely unstable. The hell rat bites you!
You die...

###~~~###
#.~~~~~.#
##~.~.~%~##
#~.~###.~.#
##..##~##~~##
#.~.#~~.#~~~#
#.~##?~~##~~#
#~~#?(~~.#.~#
#\\#\!~~r@~.#
#~%#??~~.#.~#
#~~##(.~##..#
#~~.#~.~ ..~#
##~%##.##..##
#..%###%.~#
##~~..~~~##
#...~~.~#
###.~.###


You could see a hell rat.

Vanquished Creatures
  Terence (D:2)
  2 adders
  4 river rats (Sewer)
  A worm (D:2)
  A dart slug (D:1)
  6 ball pythons
  4 endoplasms
  A giant cockroach (D:2)
  2 goblins (D:3)
  2 hobgoblins (D:1)
  3 jackals (D:2)
  4 quokkas
  5 bats
  2 frilled lizards (D:2)
  5 kobolds
  9 rats
52 creatures vanquished.

Notes
Turn   | Place    | Note
-------+----------+-------------------------------------------
     0 | D:1      | qw the Gargoyle Hunter began the quest for the Orb.
     0 | D:1      | Reached XP level 1. HP: 12/12 MP: 1/1
     0 | D:1      | 0 ||| qw: Version: 0.3-a-76-g4403597
     0 | D:1      | 0 ||| qw: Game counter: 759
     0 | D:1      | 0 ||| qw: Melee chars always use a shield: true
     0 | D:1      | 0 ||| qw: God list: Okawaru
     0 | D:1      | 0 ||| qw: Allow faded altars: false
     0 | D:1      | 0 ||| qw: Do Orc after clearing Dungeon:15 true
     0 | D:1      | 0 ||| qw: Do second Lair branch before Depths: true
     0 | D:1      | 0 ||| qw: Lair rune preference: random
     0 | D:1      | 0 ||| qw: Goals: Normal
     0 | D:1      | 0 ||| PLANNING D:1-11
   237 | D:1      | Reached XP level 2. HP: 17/17 MP: 2/2
   707 | D:1      | 707 ||| UPGRADING to +0 ring mail.
   717 | D:1      | 717 ||| DROPPING +0 leather armour.
   718 | D:1      | 718 ||| READING scroll labelled BIODWUI KI ARCH.
   719 | D:1      | 719 ||| READING scroll labelled CUOXOU TISTRUA.
   720 | D:1      | 720 ||| READING scroll labelled BEOXTY NUHUIKUTZ.
   721 | D:1      | 721 ||| DRINKING 2 fizzy blue potions.
   722 | D:1      | 722 ||| DRINKING 2 inky potions.
   723 | D:1      | 723 ||| DRINKING 2 emerald potions.
   724 | D:1      | 724 ||| DROPPING scroll of butterflies.
   725 | D:1      | 725 ||| DROPPING potion of brilliance.
   821 | D:2      | Reached skill level 1 in Armour
  1038 | D:2      | Reached XP level 3. HP: 21/21 MP: 3/3
  1290 | D:2      | Noticed Terence
  1302 | D:2      | Killed Terence
  1303 | D:2      | Reached skill level 5 in Ranged Weapons
  1409 | D:2      | Reached XP level 4. HP: 27/27 MP: 4/4
  1697 | D:2      | 1697 ||| UPGRADING to +0 cloak.
  1702 | D:2      | 1702 ||| DROPPING scarf of harm.
  1703 | D:2      | 1703 ||| READING scroll labelled QEUNUXKAISO.
  1704 | D:2      | 1704 ||| READING scroll labelled SOJONI CUSUUWE.
  1705 | D:2      | 1705 ||| READING scroll labelled VUTEHI KYORPH.
  1706 | D:2      | 1706 ||| READING 2 scrolls labelled GUGAXK XEAVU.
  1710 | D:2      | 1710 ||| READING 2 scrolls of identify.
  1710 | D:2      | 1710 ||| IDENTIFYING sedimented dark potion
  1711 | D:2      | 1711 ||| DROPPING potion of ambrosia.
  1739 | D:3      | 1739 ||| PLANNING SEWER
  1747 | D:3      | 1747 ||| STAIRDANCE
  1805 | D:3      | 1805 ||| READING scroll of enchant armour.
  1805 | D:3      | 1805 ||| ENCHANTING +0 cloak.
  1973 | D:3      | Reached skill level 3 in Fighting
  2091 | D:3      | Found a glowing drain.
  2092 | D:3      | 2092 ||| DROPPING ring of magical power.
  2093 | D:3      | 2093 ||| READING scroll labelled GIKHER UTINO.
  2094 | D:3      | 2094 ||| READING 2 scrolls of identify.
  2094 | D:3      | 2094 ||| IDENTIFYING sapphire potion
  2103 | Sewer    | Entered a sewer
  2120 | Sewer    | 2120 ||| Stepping ~*~*~tactically~*~*~ (water).
  2122 | Sewer    | 2122 ||| Stepping ~*~*~tactically~*~*~ (water).
  2128 | Sewer    | 2128 ||| Stepping ~*~*~tactically~*~*~ (water).
  2137 | Sewer    | Reached XP level 5. HP: 32/32 MP: 5/5
  2141 | Sewer    | 2141 ||| Stepping ~*~*~tactically~*~*~ (water).
  2151 | Sewer    | HP: 8/32 [river rat (4)]
  2152 | Sewer    | 2152 ||| READING 2 scrolls of teleportation.
  2287 | Sewer    | 2287 ||| Stepping ~*~*~tactically~*~*~ (water).
  2291 | Sewer    | HP: 8/32 [hell rat (8)]
  2292 | Sewer    | 2292 ||| READING scroll of teleportation.
  2292 | Sewer    | Slain by a hell rat

Levels and vault maps discovered:
D:1:      arrival_zaba_pyramid, layout_loops_ring
D:2:      layout_loops_corners, uniq_terence
D:3:      layout_rooms, portal_sewer_entry_a, minmay_pentomino_pile
Sewer:    sewer_hellmonk_bad_rat

Skill      XL: |  1  2  3  4 |
---------------+-------------+-----
Armour         | 1 |  1.0
Ranged Weapons | 5 |  5.9
Fighting       | 3 |  3.0
Dodging        | |  1.5
Stealth        | |  1.1

Action                     |  1- 3 |  4- 6 || total
---------------------------+-------+-------++-------
   Fire: Shortbow          |    81 |   106 ||   187
    Use: Scroll            |     3 |    10 ||    13
         Potion            |     3 |       ||     3
 Armour: Leather armour    |    15 |       ||    15
         Ring mail         |     4 |    47 ||    51
  Dodge: Dodged            |    18 |    34 ||    52

Table legend:
 A = Non-vault XP
 B = Vault XP
 C = Vault XP percentage of total XP
 D = Non-vault monster count
 E = Vault monster count
 F = Vault count percentage of total count
                 A         B        C        D         E       F
            +---------+---------+-------+---------+---------+-------
      Total |      94 |      99 |  51.3 |      39 |      13 |  25.0
            +---------+---------+-------+---------+---------+-------
        D:1 |      24 |       0 |   0.0 |      14 |       0 |   0.0
        D:2 |      38 |      39 |  50.6 |      14 |       3 |  17.6
        D:3 |      32 |       2 |   5.9 |      11 |       2 |  15.4
      Sewer |       0 |      58 | 100.0 |       0 |       8 | 100.0
            +---------+---------+-------+---------+---------+-------
